AoeStats
← Душан Силни

Arena

510622622Analyzed
3v3 RM · 1d ago on Oct 1, 2026· 39m 46s· 6 players
Game mode
Random Map
Map size
Normal (6 player)
Population
200
Speed
Normal
Resources
Standard
Victory
Conquest
Starting age
Dark Age
Ending age
Imperial Age
RankedLock teamsTeams togetherTeam positionsShared explorationLock speedFull tech treeHidden civsTurbo modeCheats
Victory
Defeat
🇩🇪 Teutons · Germany
730
+14
🇷🇸 Huns · Serbia
685
+15
🇮🇹 Persians · Italy
608
+19
🇨🇳 Teutons · China
761
-39
🇮🇳 Persians · India
644
-15
🇨🇳 Dravidians · China
612
-21
patolo9393
10:29 Feudal Age
11:47 Wheelbarrow
11:07 Double-Bit Axe
13:28 Horse Collar
20:50 Castle Age
20:14 Gold Mining
21:39 Hand Cart
23:49 Heavy Plow
31:20 Imperial Age
31:12 Bow Saw
31:57 Conscription
33:37 Husbandry
36:53 Bloodlines
37:19 Forging
37:19 Scale Barding Armor
Душан Силни
0:36 Loom
11:36 Feudal Age
12:29 Double-Bit Axe
14:59 Horse Collar
17:12 Gold Mining
17:13 Stone Mining
22:38 Castle Age
22:27 Forging
22:23 Scale Barding Armor
22:19 Scale Mail Armor
22:20 Padded Archer Armor
25:51 Bow Saw
25:48 Heavy Plow
27:47 Caravan
28:18 Coinage
31:23 Wheelbarrow
30:33 Town Watch
34:04 Imperial Age
32:39 Town Patrol
32:55 Hand Cart
33:22 Iron Casting
33:09 Chain Barding Armor
33:29 Masonry
33:15 Murder Holes
36:15 Two-Man Saw
35:40 Conscription
37:07 Guilds
37:28 Banking
37:39 Plate Barding Armor
37:20 Chain Mail Armor
38:06 Blast Furnace
37:21 Leather Archer Armor
37:52 Gold Shaft Mining
39:06 Cavalier
39:49 Husbandry
40:00 Bloodlines
39:11 Light Cavalry
Biermeier
0:28 Loom
11:13 Feudal Age
13:39 Double-Bit Axe
14:17 Horse Collar
20:27 Castle Age
28:11 Imperial Age
26:40 Bow Saw
26:50 Bloodlines
27:50 Scale Barding Armor
27:46 Scale Mail Armor
30:46 Chain Barding Armor
31:31 Chain Mail Armor
38:41 Chemistry
37:09 Cavalier
38:36 Pikeman
ninghaochang
10:09 Feudal Age
15:39 Double-Bit Axe
23:12 Castle Age
24:24 Gambesons
24:00 Man-at-Arms
25:46 Bloodlines
26:05 Bow Saw
25:58 Horse Collar
33:05 Long Swordsman
House of Huns
0:31 Loom
12:00 Feudal Age
17:47 Castle Age
16:07 Double-Bit Axe
16:05 Horse Collar
20:34 Fervor
23:01 Stone Mining
23:26 Bow Saw
23:17 Heavy Plow
29:33 Stone Shaft Mining
29:23 Gold Mining
33:08 Imperial Age
32:26 Forging
32:21 Scale Barding Armor
33:55 Gold Shaft Mining
34:06 Iron Casting
33:57 Conscription
34:17 Bloodlines
34:07 Husbandry
34:29 Chain Barding Armor
34:34 Elite War Elephant
36:16 Blast Furnace
36:58 Plate Barding Armor
37:20 Crop Rotation
37:55 Two-Man Saw
37:41 Wheelbarrow
36:52 Town Watch
1543248784
16:11 Feudal Age
Connection lost

Rejoining the realm…

Still unreachable

The connection could not be restored.

Session expired

The server has moved on; the page needs a fresh start.